 Dungeon Crawl Stone Soup version 0.28-a0-834-g1a73be5ee4 (webtiles) character file.

Game seed: 17029333290794669137

5 vurker the Gusty (level 1, -1/7 HPs)
             Began as a Felid Air Elementalist on Nov 11, 2021.
             Killed from afar by a dart slug (4 damage)
             ... with a slug dart
             ... on level 1 of the Dungeon.
             The game lasted 00:00:20 (128 turns).

vurker the Gusty (Felid Air Elementalist)            Turns: 128, Time: 00:00:21

Health: -1/7       AC:  1    Str:  4    XL:     1   Next: 66%
Magic:  2/4        EV: 17    Int: 16    God:
Gold:   0          SH:  0    Dex: 16    Spells: 3/4 levels left
                                        Lives:  0   Deaths: 0

rFire   . . .      SeeInvis +   (weapon unavailable)
rCold   . . .      Faith    .   (shield unavailable)
rNeg    . . .      Spirit   .   (armour unavailable)
rPois   .          Reflect  .   (helmet unavailable)
rElec   .          Harm     .   (cloak unavailable)
rCorr   .          Rampage  .   (gloves unavailable)
Will    .....                   (boots unavailable)
Stlth   ++........              (no amulet)
HPRegen 0.02/turn               (no ring)
MPRegen 0.09/turn               (no ring)

@: quick
A: very small, claws 1, fangs 3, see invisible, speed 1, shaggy fur 1, stealthy
paws, no weapons or thrown items, no armour, multi-lived
a: no special abilities


You were on level 1 of the Dungeon.
You visited 1 branch of the dungeon, and saw 1 of its levels.

Inventory:

Scrolls
 a - 2 scrolls of fear {unknown}


   Skills:
 + Level 0.2 Fighting
 - Level 2.6 Dodging
 - Level 2.6 Stealth
 * Level 2.1 Spellcasting
 + Level 1.0 Conjurations
 * Level 2.8 Air Magic


You had 3 spell levels left.
You knew the following spells:

 Your Spells              Type           Power      Damage    Failure   Level
a - Shock                 Conj/Air       28%        1d4       10%         1

Your spell library contained the following spells:

 Spells                   Type           Power      Damage    Failure   Level
 Static Discharge         Conj/Air       7%         N/A       14%         2
 Swiftness                Air            10%        N/A       19%         3
 Airstrike                Air            5%         N/A       54%         4


Dungeon Overview and Level Annotations

Branches:
Dungeon (1/15)

Altars:


Innate Abilities, Weirdness & Mutations

You have sharp claws.
You have razor-sharp teeth.
You have supernaturally acute eyesight. (SInv)
You cover ground quickly. (Speed+)
You are covered in fur. (AC +1)
Your paws help you pounce on unaware monsters.
You are incapable of wielding weapons or throwing items.
You cannot wear armour.
You gain extra lives every three experience levels.


Message History

Aim: a goblin, wielding a +0 club (60% to hit)
The zap hits the goblin.
Aim: a goblin, wielding a +0 club (heavily wounded, 60% to hit)
The zap hits the goblin.
You kill the goblin!
Your Conjurations skill increases to level 1!
A rat comes into view.
A rat is nearby!
A rat is nearby!
Aim: a rat (wandering, hasn't noticed you, 68% to hit)
The zap hits the rat.
Aim: a rat (moderately wounded, 68% to hit)
The zap hits the rat.
You kill the rat!
You can't see any susceptible monsters within range! (Use Z to cast anyway.)
An endoplasm comes into view.
Aim: an endoplasm (wandering, hasn't noticed you, 97% to hit)
The zap hits the endoplasm.
The endoplasm quivers.
An endoplasm is nearby!
An endoplasm is nearby!
Aim: an endoplasm (heavily wounded, 97% to hit)
The zap hits the endoplasm.
You don't have enough magic to cast this spell.
You don't have enough magic to cast this spell.
An endoplasm is nearby!
An endoplasm is nearby!
An endoplasm is nearby!
You don't have enough magic to cast this spell.
You don't have enough magic to cast this spell.
A dart slug comes into view.
There is an open door here.
The endoplasm freezes you.
You are frozen.
You scratch the endoplasm.
You kill the endoplasm!
The dart slug launches a dart at you. The slug dart misses you.
Found 16 gold pieces.
You scratch the dart slug but do no damage.
The dart slug closely misses you.
You scratch the dart slug. The dart slug bites you.
* * * LOW HITPOINT WARNING * * *
Sorry, you're not good enough to have a special ability.
The dart slug completely misses you.
Sorry, you're not good enough to have a special ability.
The dart slug launches a dart at you. The slug dart hits you.
Ouch! That really hurt!
You die...

#. ..# .. ##.# ..#
...#... ..#
...#...#..#####
..............##
................
.........$......
.......@........
##+
#.#.............
.....+.............
#.#.#.............
#...###..#w.###..
#..###.....# .
#.........##
#.#......##
#)#......####


You could see a dart slug.

Vanquished Creatures
  2 endoplasms (D:1)
  A goblin (D:1)
  A ball python (D:1)
  A rat (D:1)
5 creatures vanquished.

Notes
Turn   | Place    | Note
-------+----------+-------------------------------------------
     0 | D:1      | vurker the Felid Air Elementalist began the quest for the
                  | Orb.
     0 | D:1      | Reached XP level 1. HP: 7/7 MP: 4/4
    83 | D:1      | Reached skill level 1 in Conjurations
   128 | D:1      | Killed from afar by a dart slug

Illustrated notes

Levels and vault maps discovered:
D:1:      dpeg_arrival_tiny_a, layout_basic

Skill      XL: |  1 |
---------------+----+-----
Conjurations   | 1 |  1.0
Fighting       | |  0.2
Dodging        | |  2.6
Stealth        | |  2.6
Spellcasting   | |  2.1
Air Magic      | |  2.8

Action                   || total
-------------------------++-------
Melee: Unarmed           ||     3
 Cast: Shock             ||    10
Dodge: Dodged            ||     3

Table legend: (Time is in decaauts)
 A = Elapsed time spent in this place.
 B = Non-inter-level travel time spent in this place.
 C = Inter-level travel time spent in this place.
 D = Time resting spent in this place.
 E = Time spent auto-exploring this place.
 F = Levels seen in this place.
 G = Mean time per level.
                   A        B        C        D        E       F      G
               +--------+--------+--------+--------+--------+-----+--------+
         Total |    118 |    118 |      0 |      0 |     87 |   1 |  118.0 |
       Dungeon |    118 |    118 |      0 |      0 |     87 |   1 |  118.0 |
               +--------+--------+--------+--------+--------+-----+--------+

Top non-repeatable levels by time:
     D:1: 118 daAuts
